Map: Golden Wall LE

Players

AGOElazer (Elazer) - Winner!

  • Race: Zerg Zerg
  • League: Master
  • Spawn Location: 7:00

Kas

  • Race: Terran Terran
  • League: Grandmaster
  • Spawn Location: 5:00

Event: DreamHack SC2 Masters 2020 Fall

VOD

Have the link to the VOD?

Description

Time

  • Played on: Aug. 28, 2020, 1:25 p.m.
  • Length: 7:27

All games in this series

Show
View Real Time Build Order
Export as new Build Order

AGOElazer Zerg - Winner!

Build Orders: Hatch First, Muta Ling Bane 

Get SALT Encoding   

  12  0:00  Drone  
  13  0:12  Overlord  
  13  0:17  Drone  
  14  0:31  Drone x2  
  16  0:48  Hatchery  
  15  0:51  Drone  
  15  0:55  Drone  
  17  0:58  Drone  
  18  1:08  Extractor  
  17  1:13  Spawning Pool  
  17  1:17  Drone  
  17  1:20  Drone  
  18  1:28  Drone  
  19  1:39  Drone  
  20  1:50  Drone  
  21  2:00  Queen x2  
  21  2:01  Overlord, Zergling x2  
  26  2:10  Zergling x2  
  26  2:11  Drone, Metabolic Boost  
  28  2:22  Drone x2  
  30  2:34  Drone x2  
  32  2:37  Queen  
  32  2:39  Queen  
  35  2:44  Overlord  
  35  2:50  Overlord  
  35  3:03  Drone x2  
  35  3:05  Drone x2  
  39  3:09  Drone x3  
  39  3:11  Drone x2  
  44  3:14  Drone  
  45  3:20  Drone x2  
  47  3:30  Hatchery  
  46  3:39  Lair, Overlord  
  46  3:41  Extractor  
  46  3:44  Drone x3  
  48  3:49  Drone x3  
  51  3:55  Extractor  
  51  3:56  Drone x2, Extractor  
  51  4:03  Queen  
  51  4:04  Drone x3  
  56  4:10  Baneling Nest  
  56  4:12  Drone x2  
  56  4:15  Drone  
  58  4:20  Overlord  
  58  4:21  Drone  
  59  4:36  Overlord  
  59  4:38  Drone x5  
  64  4:46  Spire  
  64  4:49  Zergling x10  
  64  4:51  Overseer  
  67  4:53  Centrifical Hooks  
  67  4:58  Zergling x2  
  67  4:59  Zergling x4  
  70  5:00  Drone x2  
  72  5:07  Drone  
  72  5:10  Drone  
  74  5:15  Drone x2  
  74  5:17  Overlord  
  74  5:19  Drone x2  
  78  5:23  Drone  
  78  5:25  Drone x2  
  81  5:28  Extractor x2  
  81  5:34  Overlord  
  79  5:35  Drone x3  
  79  5:37  Overlord  
  82  5:44  Overlord  
  82  5:59  Mutalisk x6  
  82  6:00  Mutalisk x3  
  82  6:01  Zergling x6  
  102  6:05  Baneling x3  
  102  6:09  Baneling x4  
  102  6:10  Zergling x6  
  101  6:22  Zergling x12  
  96  6:26  Zergling x4  
  96  6:32  Zergling x2  
  95  6:40  Zergling x14  
  95  6:45  Zergling x2  
  95  6:46  Zergling x6  
  105  6:50  Zergling x2  
  105  6:51  Baneling x2  
  105  6:52  Baneling  
  105  6:53  Baneling x9  
  106  7:00  Overlord x3  
  104  7:10  Hatchery  
Show
View Real Time Build Order
Export as new Build Order

Kas Terran 

Build Orders: Reaper Expand 

Get SALT Encoding   

  12  0:00  SCV  
  13  0:12  SCV  
  14  0:17  Supply Depot  
  14  0:24  SCV  
  15  0:38  SCV  
  15  0:40  Barracks  
  16  0:46  Refinery  
  16  0:50  SCV  
  17  1:03  SCV  
  18  1:15  SCV  
  19  1:28  Orbital Command  
  19  1:29  Reaper  
  20  1:40  Command Center  
  20  1:51  Supply Depot  
  20  1:55  SCV  
  20  2:00  Marine  
  22  2:07  SCV  
  23  2:09  Factory  
  23  2:19  SCV  
  24  2:22  Barracks Reactor  
  24  2:32  SCV  
  25  2:44  SCV  
  26  2:45  Command Center  
  26  2:53  Orbital Command  
  26  2:56  SCV  
  27  3:04  Hellion  
  27  3:05  Barracks Tech Lab, Hellion  
  31  3:08  SCV  
  32  3:17  Barracks  
  32  3:19  SCV  
  33  3:28  Stimpack, Marine  
  33  3:31  Hellion  
  33  3:32  Hellion  
  33  3:33  SCV  
  39  3:36  SCV  
  40  3:45  SCV  
  41  3:50  SCV  
  41  3:51  Marine  
  43  3:55  Refinery  
  43  3:57  Refinery  
  43  3:58  Orbital Command  
  43  3:59  SCV  
  43  4:02  SCV  
  45  4:09  Starport, Marine  
  46  4:11  SCV  
  46  4:13  Marine  
  46  4:14  Marine  
  46  4:15  Factory Reactor  
  49  4:18  SCV  
  49  4:23  SCV  
  51  4:26  SCV  
  51  4:27  Marine  
  53  4:31  Marine  
  53  4:32  SCV, Marine  
  53  4:35  Supply Depot  
  53  4:36  Supply Depot  
  53  4:37  SCV  
  57  4:42  Engineering Bay  
  57  4:43  Engineering Bay  
  57  4:45  Marine  
  58  4:49  SCV x2, Marine  
  61  4:56  Marine  
  61  4:57  Medivac x2, SCV  
  67  5:02  Barracks, Marine  
  67  5:03  Factory Reactor  
  67  5:04  SCV  
  67  5:06  SCV  
  67  5:07  Marine  
  70  5:13  Supply Depot x2  
  70  5:14  Combat Shield, Marine  
  71  5:16  SCV  
  71  5:20  Terran Infantry Weapons Level 1  
  73  5:23  Marine  
  73  5:24  Marine  
  73  5:25  SCV  
  76  5:29  Missile Turret  
  76  5:30  Terran Infantry Armor Level 1  
  76  5:31  SCV  
  76  5:34  Marine  
  78  5:39  SCV  
  78  5:41  Marine  
  78  5:42  Marine  
  81  5:44  Supply Depot  
  81  5:47  Supply Depot  
  81  5:55  Orbital Command  
  81  5:57  Marine  
  81  5:58  Barracks  
  81  5:59  SCV x2, Marine  
  81  6:00  Factory Reactor  
  81  6:01  Armory, Refinery  
  81  6:02  Missile Turret  
  85  6:06  Marine  
  85  6:08  Barracks  
  85  6:10  Marine x2  
  85  6:11  SCV x2  
  90  6:21  Marine x2  
  91  6:27  Marine  
  91  6:28  Marine x2  
  80  6:38  Marine  
  80  6:39  Marine  
  80  6:42  Medivac, Widow Mine x2  
  80  6:45  SCV x2, Marine  
  80  6:46  Marine x2  
  83  6:47  SCV  
  83  6:49  Missile Turret  
  83  6:52  Barracks Reactor  
  84  6:54  Medivac  
  84  6:56  Marine x2, Barracks Reactor  
  84  6:57  SCV  
  84  6:58  Factory  
  84  6:59  Missile Turret  
  89  7:03  Marine  
  89  7:04  SCV x2, Widow Mine, Marine  
  89  7:07  Marine  

Tags
 
Add a new tag
Caveats
  • Supply blocks, unpowered buildings, or Contaminate may cause inaccurate times.
  • Supply counts are checked every 10 seconds.